 Dungeon Crawl Stone Soup version 0.28-a0-43-g560ac104fe (webtiles) character file.

Game seed: 1680358319057800068

21 Sobieck the Conjurer (level 2, -2/15 HPs)
             Began as a Deep Elf Conjurer on July 28, 2021.
             Killed from afar by Natasha (7 damage)
             ... with a magic dart
             ... on level 2 of the Dungeon.
             The game lasted 00:01:00 (919 turns).

Sobieck the Conjurer (Deep Elf Conjurer)             Turns: 919, Time: 00:01:01

Health: -2/15      AC:  2    Str:  4    XL:     2   Next: 65%
Magic:  6/8        EV: 12    Int: 22    God:
Gold:   52         SH:  0    Dex: 13    Spells: 5/8 levels left

rFire   . . .      SeeInvis .   b - +0 spear {polearm}
rCold   . . .      Faith    .   (no shield)
rNeg    . . .      Spirit   .   a - +0 robe
rPois   .          Reflect  .   (no helmet)
rElec   .          Harm     .   (no cloak)
rCorr   .          Rampage  .   (no gloves)
Will    .....                   (no boots)
Stlth   ++........              (no amulet)
HPRegen 0.05/turn               (no ring)
MPRegen 0.11/turn               (no ring)

@: no status effects
A: no striking features
a: no special abilities


You were on level 2 of the Dungeon.
You visited 1 branch of the dungeon, and saw 2 of its levels.

You collected 52 gold pieces.


   Skills:
 - Level 2.4 Dodging
 - Level 2.4 Stealth
 + Level 3.9 Spellcasting
 + Level 4.8 Conjurations


You had 5 spell levels left.
You knew the following spells:

 Your Spells              Type           Power      Damage    Failure   Level
a - Magic Dart            Conj           100%       1d8       1%          1
b - Searing Ray           Conj           50%        3d5       2%          2

Your spell library contained the following spells:

 Spells                   Type           Power      Damage    Failure   Level
 Dazzling Flash           Conj/Hex       30%        N/A       12%         3
 Fulminant Prism          Conj/Hex       7%         3d7       38%         4
 Iskenderun's Mystic Bla  Conj/Tloc      15%        2d5       38%         4

Inventory:

Hand Weapons
 b - a +0 spear (weapon) {polearm}
   (You found it on level 1 of the Dungeon)
Missiles
 d - 7 atropa-tipped darts {throwing}
 e - 20 arrows
 f - 35 bolts
 g - 54 stones {throwing}
 k - 24 sling bullets
Armour
 a - a +0 robe (worn)
Scrolls
 h - a scroll of torment {unknown}
Potions
 c - a potion of curing {unknown}
 i - a potion of degeneration {unknown}
 j - a potion of cancellation {unknown}

Dungeon Overview and Level Annotations

Branches:
Dungeon (2/15)

Altars:

Annotations:
D:2 Natasha

#..............###
.....#########.#.##
....## #....## .#.##
##.>...## ...#
#.......# ##.#
##.....## ##+##
##...## #...## ##
##.## .....##... #@#
......#.# #....#
........## .h......#
.....................
........###....#.#####
......#.# #..#.###
.....## ....... #...##
##.### ##'## #.#


You could see Natasha.


Message History

You can't see any susceptible monsters within range! (Use Z to cast anyway.)
You can't see any susceptible monsters within range! (Use Z to cast anyway.)
i - an amethyst potion 😎 MP[+1]
Your mp is fully restored (8).
An endoplasm comes into view.
The magic dart hits the endoplasm.
You kill the endoplasm! 😎 MP[-1]
You lost 1 mp, and now have 7/8 mp.
You can't see any susceptible monsters within range! (Use Z to cast anyway.)
A ball python comes into view. 😎 MP[+1]
Your mp is fully restored (8).
The magic dart hits the ball python.
The ball python hisses angrily.
A rat comes into view. 😎 MP[-1]
You lost 1 mp, and now have 7/8 mp.
There are monsters nearby!
The magic dart hits the ball python.
You kill the ball python! 😎 MP[-1]
You lost 1 mp, and now have 6/8 mp.
The magic dart hits the rat.
You kill the rat! 😎 MP[-1]
You lost 1 mp, and now have 5/8 mp.
You can't see any susceptible monsters within range! (Use Z to cast anyway.)
j - an inky potion 😎 MP[+3]
Your mp is fully restored (8).
You can't see any susceptible monsters within range! (Use Z to cast anyway.)
Found a stone staircase leading down.
You can't see any susceptible monsters within range! (Use Z to cast anyway.)
k - 24 sling bullets You now have 27 gold pieces (gained 5).
As you open the door, it creaks loudly!
A kobold comes into view. It is wielding a +0 dagger.
The magic dart hits the kobold.
You kill the kobold! 😎 MP[-1]
You lost 1 mp, and now have 7/8 mp.
You can't see any susceptible monsters within range! (Use Z to cast anyway.)
You can't see any susceptible monsters within range! (Use Z to cast anyway.) Memorise Searing Ray, consuming 2 spell levels and leaving 5?
You start memorising the spell.
You continue memorising. x2
You finish memorising.
Spell assigned to 'b'.
Things that are here:
a +0 dagger {short}; a kobold corpse; 😎 MP[+1]
Your mp is fully restored (8).
There is an open door here.
You open the door.
There is an open door here.
g - 34 stones {throwing} (gained 17)
You now have 36 gold pieces (gained 9).
Found a stone staircase leading down.
There is a stone staircase leading down here.
You open the door.
There is an open door here.
A goblin comes into view. It is wielding a +0 club.
The magic dart hits the goblin.
You kill the goblin! 😎 MP[-1]
You lost 1 mp, and now have 7/8 mp.
You can't see any susceptible monsters within range! (Use Z to cast anyway.)
You can't see any susceptible monsters within range! (Use Z to cast anyway.)
Things that are here:
a +0 club {mace}; a goblin corpse; 😎 MP[+1]
Your mp is fully restored (8).
f - 35 bolts (gained 23)
g - 54 stones {throwing} (gained 20) Done exploring.
(D) Dungeon
Where to? (? - help)
There is a stone staircase leading down here.
You climb downwards.
There is a stone staircase leading up here.
You open the door.
There is an open door here.
You now have 52 gold pieces (gained 16).
Found a stone staircase leading down.
Natasha, Servant of Life and Death comes into view.
Natasha stares at you and mumbles some strange words.
The magic dart hits you!
Ouch! That really hurt!
* * * LOW HITPOINT WARNING * * *
😨 HP[-10]
You take 10 damage, and now have 5/15 hp.
MASSIVE DAMAGE!! (PAUSE)
Casting: Magic Dart (safe; 1% risk of failure)
Confirm with . or Enter, or press ? or * to list all spells.
Aiming: Searing Ray (safe; 2% risk of failure)
Press: ? - help, Shift-Dir - straight line, f - Natasha
Aim: Natasha (74% to hit)
The searing ray misses Natasha. (Press . to maintain the ray.) Natasha casts a spell at you.
The magic dart hits you!
You die...

Action                   || total
-------------------------++-------
 Cast: Magic Dart        ||    32
       Searing Ray       ||     1

Levels and vault maps discovered:
D:1:      scummos_arrival_star, layout_basic
D:2:      layout_loops_corners, basic_ecumenical_altar, serial_park_tiny_1,
          lightli_corner_chamber, uniq_natasha

Notes
Turn   | Place    | Note
-------+----------+-------------------------------------------
     0 | D:1      | Sobieck the Deep Elf Conjurer began the quest for the Orb.
     0 | D:1      | Reached XP level 1. HP: 10/10 MP: 6/6
     0 | D:1      | magus.rc [v1.9.6]
   195 | D:1      | Reached XP level 2. HP: 15/15 MP: 1/8
   543 | D:1      | Learned a level 2 spell: Searing Ray
   918 | D:2      | Noticed Natasha
   919 | D:2      | Killed from afar by Natasha

Vanquished Creatures
  2 endoplasms (D:1)
  2 giant cockroaches (D:1)
  A hobgoblin (D:1)
  A kobold (D:1)
  2 quokkas (D:1)
  2 ball pythons (D:1)
  2 bats (D:1)
  4 frilled lizards (D:1)
  2 goblins (D:1)
  4 rats (D:1)
22 creatures vanquished.

Table legend:
 A = Non-vault XP
 B = Vault XP
 C = Vault XP percentage of total XP
 D = Non-vault monster count
 E = Vault monster count
 F = Vault count percentage of total count
                 A         B        C        D         E       F
            +---------+---------+-------+---------+---------+-------
      Total |      31 |       0 |   0.0 |      22 |       0 |   0.0
            +---------+---------+-------+---------+---------+-------
        D:1 |      31 |       0 |   0.0 |      22 |       0 |   0.0
            +---------+---------+-------+---------+---------+-------

Illustrated notes

Table legend:
 A = Kills in this place as a percentage of kills in entire the game.
 B = Kills by you in this place as a percentage of kills by you in the entire game.
 C = Kills by friends in this place as a percentage of kills by friends in the entire game.
 D = Other kills in this place as a percentage of other kills in the entire game.
 E = Experience gained in this place as a percentage of experience gained in the entire game.
 F = Experience gained in this place divided by the number of levels of this place that you have seen.
                   A       B       C       D       E      F
               +-------+-------+-------+-------+-------+----------------------
         Total | 100.0 | 100.0 |   N/A |   N/A | 100.0 |  15.5
       Dungeon | 100.0 | 100.0 |   N/A |   N/A | 100.0 |  15.5
               +-------+-------+-------+-------+-------+----------------------

Table legend: (Time is in decaauts)
 A = Elapsed time spent in this place.
 B = Non-inter-level travel time spent in this place.
 C = Inter-level travel time spent in this place.
 D = Time resting spent in this place.
 E = Time spent auto-exploring this place.
 F = Levels seen in this place.
 G = Mean time per level.
                   A        B        C        D        E       F      G
               +--------+--------+--------+--------+--------+-----+--------+
         Total |    918 |    900 |     18 |      0 |    834 |   2 |  459.0 |
       Dungeon |    918 |    900 |     18 |      0 |    834 |   2 |  459.0 |
               +--------+--------+--------+--------+--------+-----+--------+

Top non-repeatable levels by time:
     D:1: 798 daAuts
     D:2: 119 daAuts
